Map: Dusk Towers

Players

Kemba

  • Race: Protoss Protoss
  • League: Diamond

LilDicky - Winner!

  • Race: Terran Terran
  • League: Diamond

VOD

http://www.twitch.tv/tumescentpie

Description

Time

  • Played on: Nov. 22, 2015, 8:45 p.m.
  • Length: 5:37
Show
View Real Time Build Order
Export as new Build Order

Kemba Protoss 

Build Orders:  

Get SALT Encoding   

  12  0:01  Probe (Chrono Boost)  
  13  0:11  Probe (Chrono Boost)  
  14  0:17  Pylon  
  14  0:22  Probe (Chrono Boost)  
  16  0:35  Probe (Chrono Boost)  
  16  0:38  Gateway  
  16  0:46  Probe (Chrono Boost)  
  16  0:47  Assimilator  
  17  0:56  Probe (Chrono Boost)  
  18  1:07  Probe (Chrono Boost)  
  18  1:09  Pylon  
  19  1:17  Probe (Chrono Boost)  
  20  1:24  Cybernetics Core  
  20  1:28  Probe (Chrono Boost)  
  20  1:32  Assimilator  
  21  1:38  Probe (Chrono Boost)  
  22  1:50  Probe (Chrono Boost)  
  23  2:02  Nexus  
  23  2:05  Warp Gate (Chrono Boost)  
  23  2:12  Mothership Core (Chrono Boost)  
  25  2:20  Adept (Chrono Boost)  
  26  2:30  Probe (Chrono Boost)  
  26  2:35  Robotics Facility  
  27  2:41  Probe  
  28  2:53  Probe  
  29  3:03  Pylon  
  29  3:05  Probe  
  29  3:10  Gateway  
  30  3:13  Probe  
  30  3:18  Probe  
  32  3:23  Gateway  
  32  3:24  Probe  
  33  3:29  Observer (Chrono Boost)  
  29  3:43  Probe x2  
  31  4:02  Warp Prism  
  28  4:05  Probe  
  31  4:17  Probe  
  26  4:27  Stalker x2  
  26  4:30  Probe  
  31  4:38  Probe  
  32  4:45  Probe  
  33  4:50  Probe  
  34  4:57  Probe  
  34  5:02  Probe  
  35  5:09  Probe  
  35  5:12  Stalker x2  
  40  5:14  Probe  
  39  5:22  Stalker  
  39  5:23  Pylon  
Show
View Real Time Build Order
Export as new Build Order

LilDicky Terran - Winner!

Build Orders: MMM Bio 

Get SALT Encoding   

  12  0:01  SCV  
  13  0:13  SCV  
  14  0:18  Supply Depot  
  14  0:25  SCV  
  15  0:29  Refinery  
  15  0:39  SCV  
  16  0:45  Barracks  
  16  0:52  SCV  
  17  1:04  SCV  
  18  1:16  SCV  
  19  1:32  Marine, Orbital Command  
  19  1:34  Supply Depot  
  19  1:37  Factory  
  20  1:50  Marine  
  21  2:00  Barracks  
  21  2:03  Barracks  
  21  2:05  SCV  
  22  2:19  SCV  
  22  2:20  Barracks Reactor  
  23  2:24  Refinery  
  23  2:25  Supply Depot  
  23  2:39  SCV  
  24  2:49  Widow Mine  
  26  2:52  SCV  
  26  2:53  Barracks Tech Lab x2  
  26  3:03  Marine x2  
  26  3:04  SCV  
  29  3:12  Stimpack, Marine x2  
  29  3:16  SCV, Supply Depot  
  29  3:18  Widow Mine  
  34  3:30  Combat Shields  
  34  3:31  Marine x2  
  38  3:35  Marauder  
  38  3:37  SCV  
  38  3:39  Marauder  
  41  3:44  Supply Depot  
  41  4:00  Marine x2, Marauder x2  
  44  4:16  Widow Mine  
  46  4:18  Marine  
  46  4:21  Marauder, Marine  
  46  4:22  Marauder  
  50  4:39  Marine x2  
  50  4:43  Marauder  
  50  4:44  Starport  
  54  4:47  Supply Depot  
  54  4:49  SCV  
  55  4:57  Marine x2  
  55  5:01  Widow Mine  
Tags
 
Add a new tag
Caveats
  • Supply blocks, unpowered buildings, or Contaminate may cause inaccurate times.
  • Supply counts are checked every 10 seconds.